 Dungeon Crawl Stone Soup version 0.21-a0-504-g2eda330 (webtiles) character file.

116 Gildeon the Ruffian (level 4, 0/45 HPs)
             Began as a Troll Warper on Nov 25, 2017.
             Slain by a leopard gecko (4 damage)
             ... on level 3 of the Dungeon.
             The game lasted 00:05:40 (1076 turns).

Gildeon the Ruffian (Troll Warper)                  Turns: 1076, Time: 00:05:41

Health: 0/45       AC:  9    Str: 16 (18) XL:     4   Next: 70%
Magic:  4/4        EV: 10    Int: 16 (17) God:
Gold:   97         SH:  0    Dex:  8 (11) Spells: 5/5 levels left

rFire    . . .     SeeInvis .     - Unarmed
rCold    . . .     Gourm    +   (no shield)
rNeg     . . .     Faith    .   a - +0 robe
rPois    .         Spirit   .   l - +2 hat {Int+3}
rElec    .         Reflect  .   (no cloak)
rCorr    .         Harm     .   (gloves unavailable)
MR       .....                  (boots unavailable)
Stlth    +.........             (no amulet)
HPRegen  0.55/turn              (no ring)
MPRegen  0.09/turn              (no ring)

@: brilliant, hasted and slowed
A: large, unfitting armour, claws 3, thin metallic scales 1, agile 1, fast
metabolism 3, gourmand, regeneration 1, robust 1, shaggy fur 1, tough skin 2,
weak 1
a: no special abilities


You were on level 3 of the Dungeon.
You were not hungry.

You visited 1 branch of the dungeon, and saw 4 of its levels.

You collected 97 gold pieces.

Inventory:

Armour
 a - a +0 robe (worn)
 l - a +2 hat of intelligence (worn)
Jewellery
 k - a cursed ring of teleportation {unknown}
Scrolls
 c - a scroll of blinking
Books
 b - a book of Spatial Translocations

   Spells                             Type                      Level
   a - Blink                          Translocation                2
   b - Shroud of Golubria             Charms/Translocation         2
   c - Lesser Beckoning               Translocation                3
   d - Gell's Gravitas                Translocation                3
   e - Teleport Other                 Translocation                3
   f - Passage of Golubria            Translocation                4
Comestibles
 f - 3 bread rations
 g - a meat ration


   Skills:
 - Level 1.5 Fighting
 - Level 0.8 Throwing
 - Level 1.9 Dodging
 + Level 5.0 Unarmed Combat
 - Level 1.2 Spellcasting
   Level 2.1 Translocations


You had 5 spell levels left.
You didn't know any spells.

Dungeon Overview and Level Annotations

Branches:
Dungeon (4/15)
 Temple: D:4-7

Altars:
Qazlal


Innate Abilities, Weirdness & Mutations

You are too large for most types of armour.
You have claws for hands.
Your metabolism is lightning-fast.
You like to eat raw meat.
Your natural rate of healing is unusually fast.
You are covered in fur. (AC +1)
You have very tough skin. (AC +2)
You are partially covered in thin metallic scales. (AC +2)
You are agile. (Dex +2)
You are robust. (+10% HP)
You are weak. (Str -2)


Message History

You claw the adder!
You kill the adder!
The leopard gecko bites you but does no damage.
You claw the orc!
You kill the orc!
Your Unarmed Combat skill increases to level 5!
The leopard gecko barely misses you.
You barely miss the orc. The leopard gecko barely misses you.
The orc hits you with a mace.
* * * LOW HITPOINT WARNING * * *
You scratch the orc.
The orc is heavily wounded.
The leopard gecko bites you but does no damage.
The orc closely misses you.
You claw the orc!
You kill the orc!
The leopard gecko bites you but does no damage.
The leopard gecko barely misses you.
You barely miss the leopard gecko. The leopard gecko bites you.
You die...

..............#...
....#.............
......##.)†.......
.......#.......#
......!...††.###
..............###.
.......††.)##.....
........>#l..###<.
........##@#......
.......###....####
.##..## .$...#
.... .......# ....
.........# .#..
....$.....#
...........#
.............


You could see a leopard gecko.

Vanquished Creatures
  A hound (D:4)
  Natasha (D:3)
  2 adders
  3 dart slugs
  3 leopard geckos
  2 orcs (D:3)
  2 bats (D:2)
  2 giant cockroaches (D:3)
  3 goblins
  6 hobgoblins
  4 kobolds (D:1)
  5 frilled lizards
  A rat (D:1)
35 creatures vanquished.

Notes
Turn   | Place    | Note
-------+----------+-------------------------------------------
     0 | D:1      | Gildeon the Troll Warper began the quest for the Orb.
     0 | D:1      | Reached XP level 1. HP: 19/19 MP: 1/1
   117 | D:1      | Reached XP level 2. HP: 27/27 MP: 2/2
   169 | D:1      | Reached skill level 3 in Unarmed Combat
   829 | D:2      | Reached XP level 3. HP: 33/33 MP: 3/3
   958 | D:2      | Found a stormy altar of Qazlal.
   959 | D:2      | Noticed an earth elemental
   960 | D:2      | Noticed a fire elemental
   967 | D:2      | You fall through a shaft for 2 floors!
   996 | D:4      | Reached skill level 4 in Unarmed Combat
   996 | D:4      | Reached XP level 4. HP: 35/41 MP: 4/4
  1028 | D:3      | Noticed Natasha
  1045 | D:3      | Killed Natasha
  1048 | D:3      | Gained mutation: You are robust. (+10% HP) [potion of mutation]
  1048 | D:3      | Gained mutation: You are weak. (Str -2) [potion of mutation]
  1048 | D:3      | Gained mutation: You are agile. (Dex +2) [potion of mutation]
  1048 | D:3      | Gained mutation: You are partially covered in thin metallic scales. (AC +2) [potion of mutation]
  1067 | D:3      | HP: 2/45 [leopard gecko (4)]
  1071 | D:3      | Reached skill level 5 in Unarmed Combat
  1072 | D:3      | HP: 2/45 [orc/mace (3)]
  1076 | D:3      | Slain by a leopard gecko

Vault maps used:
D:1:      giann_forest_graveyard
D:2:      nicolae_qazlal_style_of_elements
D:3:      good_gods_mini_temple, hex_medium, uniq_natasha
D:4:      minmay_diamond_boxcup, serial_shops, nicolae_shop_behind_doors,
          first_bread, led_sif_book

Skill      XL: |  1  2  3  4 |
---------------+-------------+-----
Unarmed Combat | 3 4 5 |  5.0
Fighting       | |  1.5
Throwing       | |  0.8
Dodging        | |  1.9
Spellcasting   | |  1.2
Translocations | |  2.1

Action                   |  1- 3 |  4- 6 || total
-------------------------+-------+-------++-------
Melee: Unarmed           |    71 |    36 ||   107
Throw: Tomahawk          |       |     5 ||     5
  Use: Scroll            |     5 |       ||     5
       Potion            |       |     5 ||     5
 Stab: Sleeping          |     1 |       ||     1
  Eat: Chunk             |     3 |       ||     3
       Bread ration      |     1 |       ||     1
Armor: Robe              |    21 |    82 ||   103
Dodge: Dodged            |    36 |   107 ||   143

Table legend:
 A = Spawn XP
 B = Non-spawn XP
 C = Spawn XP percentage of total XP
 D = Spawn monster count
 E = Non-spawn monster count
 F = Spawn count percentage of total count
 G = Total turns spent on level
                    A         B        C        D         E        F      G
               +---------+---------+-------+---------+---------+-------+---------
         Total |       0 |     167 |   0.0 |       0 |      35 |   0.0 |  1076
               +---------+---------+-------+---------+---------+-------+---------
           D:1 |       0 |      37 |   0.0 |       0 |      18 |   0.0 |   825
           D:2 |       0 |      10 |   0.0 |       0 |       5 |   0.0 |   142
           D:3 |       0 |      67 |   0.0 |       0 |      10 |   0.0 |    58
           D:4 |       0 |      53 |   0.0 |       0 |       2 |   0.0 |    51
               +---------+---------+-------+---------+---------+-------+---------
